 Dungeon Crawl Stone Soup version 0.21.1-1-g345015f (webtiles) character file.

320 Supreme the Chiller (level 6, 0/42 HPs)
             Began as a Merfolk Ice Elementalist on Mar 31, 2018.
             Slain by shugdite's ghost (10 damage)
             ... on level 3 of the Dungeon.
             The game lasted 01:15:49 (3738 turns).

Supreme the Chiller (Merfolk Ice Elementalist)      Turns: 3738, Time: 01:15:50

Health: 0/42       AC:  8    Str:  8    XL:     6   Next: 46%
Magic:  4/10       EV: 17    Int: 16    God:
Gold:   249        SH:  0    Dex: 15    Spells: 0/11 levels left

rFire    . . .     SeeInvis .   u - +0 spear
rCold    . . .     Gourm    .   (no shield)
rNeg     . . .     Faith    .   a - +1 robe
rPois    .         Spirit   .   (no helmet)
rElec    .         Reflect  .   (no cloak)
rCorr    +         Harm     .   (no gloves)
MR       .....                  (boots currently unavailable)
Stlth    ++++......             (no amulet)
HPRegen  0.14/turn              (no ring)
MPRegen  0.12/turn              E - ring of resist corrosion

@: icy armour (expiring), very quick
A: change form in water, swift swim, stealthy swim
a: no special abilities


You were on level 3 of the Dungeon.
You were hungry.

You visited 1 branch of the dungeon, and saw 5 of its levels.

You collected 249 gold pieces.

Inventory:

Hand Weapons
 d - a +2 dagger of freezing
 g - a +6 flail of protection
 h - a +0 dagger
 k - a +0 club
 l - a +0 whip
 n - a +0 dagger
 o - a +0 club
 p - a +0 dagger
 q - a +0 short sword
 r - a +0 club
 u - a +0 spear (weapon)
 v - a +0 dagger
 x - a +0 club
 A - a +0 short sword
Missiles
 e - 126 stones (quivered)
Armour
 a - a +1 robe (worn)
 B - a +0 robe
 C - a +0 pair of boots (melded)
Jewellery
 E - a ring of resist corrosion (right hand)
Scrolls
 f - 3 scrolls of enchant armour
 m - a scroll of noise {unknown}
 z - 2 scrolls of teleportation
Potions
 i - 3 potions of curing
 t - a potion of brilliance {unknown}
 w - a potion of heal wounds
 D - a potion of cancellation {unknown}
Books
 b - a book of Frost

   Spells                             Type                      Level
   a - Freeze                         Ice                          1
   b - Throw Frost                    Conjuration/Ice              2
   c - Ozocubu's Armour               Charms/Ice                   3
   d - Throw Icicle                   Conjuration/Ice              4
   e - Summon Ice Beast               Ice/Summoning                4
 j - a book of Cantrips

   Spells                             Type                      Level
   a - Confusing Touch                Hexes                        1
   b - Animate Skeleton               Necromancy                   1
   c - Summon Small Mammal            Summoning                    1
   d - Apportation                    Translocation                1
Comestibles
 c - 8 rations


   Skills:
 + Level 0.9 Fighting
 * Level 2.3 Polearms
 + Level 0.4 Throwing
 * Level 3.7 Dodging
 * Level 3.6 Stealth
 + Level 3.0 Spellcasting
 + Level 1.7 Conjurations
 + Level 0.6 Charms
 + Level 5.0 Ice Magic


You couldn't memorise any spells.
You knew the following spells:

 Your Spells              Type           Power        Failure   Level  Hunger
a - Freeze                Ice            ###.         2%          1    #......
b - Throw Frost           Conj/Ice       ##....       7%          2    ##.....
c - Ozocubu's Armour      Chrm/Ice       ##......     17%         3    ###....
d - Animate Skeleton      Necr           N/A          19%         1    #......
e - Throw Icicle          Conj/Ice       ##......     41%         4    #####..


Dungeon Overview and Level Annotations

Branches:
Dungeon (5/15)
 Temple: D:4-7

Altars:
Ashenzari
Hepliaklqana
Kikubaaqudgha
Nemelex Xobeh
Yredelemnul
The Shining One

Shops:
D:4 *

Annotations:
D:3 shugdite's ghost, amateur MiGl
D:4 Eustachio


Message History

Your legs become a tail as you enter the water.
Your +0 pair of boots melds into your body.
Your +0 pair of boots unmelds from your body.
Your legs become a tail as you enter the water.
Your +0 pair of boots melds into your body.
Your icy armour starts to melt.
Attack whom?
Press: ? - help, Dir - move target cursor, f/p - shugdite's ghost
Aim: shugdite's ghost (severely damaged)
You reach to attack!
You completely miss shugdite's ghost.
Shugdite's ghost is severely damaged.
Casting: Freeze
Confirm with . or Enter, or press ? or * to list all spells.
Aiming: Freeze
Press: ? - help, Shift-Dir - straight line, f/p - shugdite's ghost
Aim: shugdite's ghost (severely damaged)
You freeze shugdite's ghost.
Shugdite's ghost is almost destroyed.
Shugdite's ghost hits you!
You die...

##.##.≈≈≈≈≈.≈≈≈≈.......## ##
#.##.≈≈≈≈≈.≈≈≈≈........##
.#####.##.≈≈≈≈≈.≈≈≈≈.........#
................≈≈≈≈.........#
.....##.#.≈≈≈≈...............#
...####...≈≈≈≈.≈≈≈≈≈.........#
....#####.≈≈≈≈.≈≈≈≈≈.........#
##........≈≈≈≈.≈≈≈≈≈.........#
....).....≈≈≈≈.W@≈≈≈........##
##.........................##
#.....<........####...######
#...........#>.# #####
#...........#..#
.....<......##.###
.##.......#..#...#
##.............#.#
##.........#...#.#


You could see shugdite's ghost.

Vanquished Creatures
  An ogre (D:4)
  A howler monkey (D:4)
  A hound (D:4)
  An iguana (D:2)
  4 adders
  3 oozes (D:1)
  2 worms
  2 dart slugs
  6 leopard geckos
  An orc (D:3)
  6 giant cockroaches
  6 goblins
  5 hobgoblins
  5 jackals
  3 quokkas
  A ball python (D:2)
  7 bats
  9 frilled lizards
  A kobold (D:1)
  14 rats
79 creatures vanquished.

Notes
Turn   | Place    | Note
-------+----------+-------------------------------------------
     0 | D:1      | Supreme the Merfolk Ice Elementalist began the quest for the Orb.
     0 | D:1      | Reached XP level 1. HP: 13/13 MP: 3/3
     1 | D:1      | Found a runed door.
   244 | D:1      | Reached XP level 2. HP: 19/19 MP: 5/5
   251 | D:1      | Learned a level 2 spell: Throw Frost
   755 | D:1      | Reached skill level 4 in Ice Magic
   840 | D:1      | Reached XP level 3. HP: 19/24 MP: 3/6
  1316 | D:3      | Noticed shugdite's ghost (amateur MiGl)
  1467 | D:2      | Reached XP level 4. HP: 14/30 MP: 5/7
  1472 | D:2      | Learned a level 3 spell: Ozocubu's Armour
  1563 | D:2      | HP: 1/30 [iguana (12)]
  1564 | D:2      | Reached skill level 1 in Conjurations
  2159 | D:2      | Found a hazy altar of Hepliaklqana.
  2166 | D:2      | Found a shattered altar of Ashenzari.
  2169 | D:2      | Found an ancient bone altar of Kikubaaqudgha.
  2439 | D:4      | Reached XP level 5. HP: 29/35 MP: 4/9
  2452 | D:5      | Entered Level 5 of the Dungeon
  2601 | D:4      | Reached skill level 1 in Polearms
  2729 | D:4      | Noticed an ogre
  2776 | D:4      | Killed an ogre
  2776 | D:4      | Reached skill level 5 in Ice Magic
  2776 | D:4      | Reached XP level 6. HP: 8/42 MP: 3/10
  2800 | D:4      | Found Moisal's General Store.
  2991 | D:4      | Found a sparkling altar of Nemelex Xobeh.
  3087 | D:3      | Learned a level 1 spell: Animate Skeleton
  3092 | D:3      | Learned a level 4 spell: Throw Icicle
  3155 | D:3      | Found a glowing golden altar of the Shining One.
  3231 | D:3      | Found a basalt altar of Yredelemnul.
  3320 | D:4      | Noticed Eustachio
  3738 | D:3      | Slain by shugdite's ghost

Skill      XL: |  1  2  3  4  5 |
---------------+----------------+-----
Ice Magic      | 4 5 |  5.0
Dodging        | 3 |  3.7
Stealth        | 3 |  3.6
Conjurations   | 1 |  1.7
Polearms       | 2 |  2.3
Spellcasting   | 3 |  3.0
Fighting       | |  0.9
Throwing       | |  0.4
Charms         | |  0.6

Action                   |  1- 3 |  4- 6 || total
-------------------------+-------+-------++-------
Melee: Dagger            |    60 |       ||    60
       Spear             |       |   132 ||   132
Throw: Stone             |    34 |     1 ||    35
 Cast: Freeze            |    42 |    39 ||    81
       Throw Frost       |     4 |    14 ||    18
       Ozocubu's Armour  |       |    10 ||    10
  Use: Scroll            |       |     7 ||     7
       Potion            |       |     3 ||     3
 Stab: Sleeping          |     8 |     7 ||    15
  Eat: Chunk             |     3 |     9 ||    12
Armor: Robe              |    26 |    34 ||    60
Dodge: Dodged            |    77 |    87 ||   164
